 Dungeon Crawl Stone Soup version 0.29.1-2-gbd0b4ee654 (webtiles) character file.

Game seed: 9421884959604110484

171 fleeber the Conjurer (level 5, -2/28 HPs)
             Began as a Deep Elf Conjurer on Nov 5, 2022.
             Slain by an iguana (13 damage)
             ... on level 4 of the Dungeon.
             The game lasted 00:15:17 (3513 turns).

fleeber the Conjurer (Deep Elf Conjurer)            Turns: 3513, Time: 00:15:18

Health: -2/28      AC:  2    Str:  4    XL:     5   Next: 26%
Magic:  1/14       EV: 12    Int: 25    God:
Gold:   98         SH:  0    Dex: 13    Spells: 9/14 levels left

rFire   . . .      SeeInvis .   j - staff of death
rCold   . . .      Faith    .   (no shield)
rNeg    + . .      Spirit   .   a - +0 robe
rPois   .          Reflect  .   (no helmet)
rElec   .          Harm     .   (no cloak)
rCorr   .          Rampage  .   (no gloves)
Will    .....                   (no boots)
Stlth   ++........              (no amulet)
HPRegen 0.09/turn               q - ring of wizardry
MPRegen 0.14/turn               (no ring)

@: no status effects
A: no striking features
a: no special abilities


You were on level 4 of the Dungeon.
You visited 1 branch of the dungeon, and saw 4 of its levels.

You collected 98 gold pieces.

Inventory:

Armour
 a - a +0 robe (worn)
Magical Staves
 j - a staff of death (weapon)
Jewellery
 q - a ring of wizardry (left hand)
Wands
 r - a wand of quicksilver (13)
Scrolls
 f - a scroll of magic mapping
 h - 3 scrolls of identify
 m - a scroll of enchant armour {unknown}
 n - a scroll of enchant weapon
 o - a scroll of teleportation
 p - a scroll of blinking
Potions
 b - a potion of magic
 c - 3 potions of invisibility {unknown}
 d - a potion of attraction {unknown}
 e - a potion of heal wounds {unknown}
 g - a potion of degeneration {unknown}
 i - a potion of brilliance {unknown}
 k - 2 potions of flight {unknown}
 l - 2 potions of curing {unknown}


   Skills:
 - Level 2.4 Dodging
 - Level 2.4 Stealth
 - Level 5.0 Spellcasting
 + Level 6.4 Conjurations


You had 9 spell levels left.
You knew the following spells:

 Your Spells              Type           Power      Damage    Failure   Level
a - Magic Dart            Conj           100%       1d8       1%          1
b - Iskenderun's Mystic   Conj/Tloc      22%        2d6       9%          4

Your spell library contained the following spells:

 Spells                   Type           Power      Damage    Failure   Level
 Searing Ray              Conj           76%        2d7       1%          2
 Dazzling Flash           Conj/Hex       44%        N/A       2%          3
 Fulminant Prism          Conj/Hex       11%        3d9       9%          4


Dungeon Overview and Level Annotations

Branches:
Dungeon (4/15)
 Temple: D:4-7

Altars:

Shops:
D:3 =

Annotations:
D:2 Terence


Message History

Aim: an iguana (100% to hit)
The magic dart hits the iguana but does no damage.
You hit the iguana but do no damage. The iguana barely misses you.
You barely miss the iguana. The iguana closely misses you.
The iguana bites you but does no damage.
You barely miss the iguana. The iguana closely misses you.
You barely miss the iguana. The iguana barely misses you.
You hit the iguana but do no damage. The iguana closely misses you.
You hit the iguana but do no damage. The iguana completely misses you.
Aiming: Magic Dart (safe; 1% risk of failure)
Press: ? - help, Q - select action, (/) - cycle Shift-Dir - straight line, f/p - iguana
Aim: an iguana (100% to hit)
The magic dart hits the iguana.
The iguana is moderately wounded.
The iguana hisses menacingly.
The iguana closely misses you.
Aiming: Magic Dart (safe; 1% risk of failure)
Press: ? - help, Q - select action, (/) - cycle Shift-Dir - straight line, f/p - iguana
Aim: an iguana (moderately wounded, 100% to hit)
The magic dart hits the iguana.
The iguana is heavily wounded.
The iguana bites you!
Aiming: Magic Dart (safe; 1% risk of failure)
Press: ? - help, Q - select action, (/) - cycle Shift-Dir - straight line, f/p - iguana
Aim: an iguana (heavily wounded, 100% to hit)
The magic dart hits the iguana but does no damage.
The iguana is heavily wounded.
The iguana bites you!
You don't have enough magic to cast this spell.
You don't have enough magic to cast this spell.
You don't have enough magic to cast this spell.
Okay, then.
You hit the iguana but do no damage.
The iguana is heavily wounded.
The iguana barely misses you.
The iguana bites you but does no damage.
You hit the iguana but do no damage.
The iguana is heavily wounded.
The iguana bites you!
You die...

#.# #.# ... #?#
.... . #.# ##....
. #.#####...... .
##<........... .
#####..###...))..
. #........#.l)#
. #.........@# .
#........###
#........#
#........#
##########


You could see an iguana.

Vanquished Creatures
  A hound (D:2)
  A gnoll (D:1)
  5 adders
  A dart slug (D:2)
  13 orcs
  5 ball pythons
  8 bats
  2 giant cockroaches (D:2)
  6 goblins
  8 hobgoblins
  6 jackals
  5 kobolds
  2 quokkas (D:3)
  6 frilled lizards
  A rat (D:2)
70 creatures vanquished.

Notes
Turn   | Place    | Note
-------+----------+-------------------------------------------
     0 | D:1      | fleeber the Deep Elf Conjurer began the quest for the Orb.
     0 | D:1      | Reached XP level 1. HP: 10/10 MP: 6/6
   123 | D:1      | Reached XP level 2. HP: 11/15 MP: 2/9
   585 | D:1      | Found a faded altar of an unknown god.
   979 | D:1      | Reached XP level 3. HP: 19/19 MP: 7/11
  1054 | D:1      | Reached skill level 5 in Spellcasting
  1481 | D:2      | Reached skill level 5 in Conjurations
  1481 | D:2      | Reached XP level 4. HP: 22/24 MP: 8/13
  1629 | D:2      | Noticed Terence
  2480 | D:3      | Reached skill level 6 in Conjurations
  2844 | D:3      | Reached XP level 5. HP: 26/28 MP: 10/14
  2882 | D:3      | Found Derghouru's Jewellery Shop.
  3396 | D:3      | Learned a level 4 spell: Iskenderun's Mystic Blast
  3513 | D:4      | Slain by an iguana

Illustrated notes

Levels and vault maps discovered:
D:1:      minmay_arrival_stair_chambers, layout_basic,
          ebering_ecumenical_altar_hall
D:2:      layout_basic, bh_walls_and_bars, uniq_terence
D:3:      layout_basic, serial_shops, nicolae_diamond_shop
D:4:      layout_rooms, uniq_crazy_yiuf_cottage

Skill      XL: |  1  2  3  4 |
---------------+-------------+-----
Spellcasting   | 4 5 |  5.0
Conjurations   | 5 6 |  6.4
Dodging        | |  2.4
Stealth        | |  2.4

Action                   |  1- 3 |  4- 6 || total
-------------------------+-------+-------++-------
Melee: Staff             |       |     8 ||     8
 Cast: Magic Dart        |    68 |    87 ||   155
  Use: Scroll            |       |     4 ||     4
Armor: Robe              |     3 |     2 ||     5
Dodge: Dodged            |    11 |    15 ||    26
